 Dungeon Crawl Stone Soup version 0.27-a0-59-gfbafd837a3 (webtiles) character file.

Game seed: 12461039400988474910

26 jmlagarto the Sneak (level 3, -3/28 HPs)
             Began as a Barachi Brigand on Jan 8, 2021.
             Killed from afar by Sigmund (6 damage)
             ... with a magic dart
             ... on level 2 of the Dungeon.
             The game lasted 00:02:58 (1101 turns).

jmlagarto the Sneak (Barachi Brigand)               Turns: 1101, Time: 00:02:58

Health: -3/28      AC:  5    Str: 13    XL:     3   Next: 8%
Magic:  3/3        EV: 12    Int: 11    God:
Gold:   68         SH:  0    Dex: 13    Spells: 2/2 levels left

rFire    . . .     SeeInvis .   a - +3 dagger
rCold    . . .     Faith    .   (no shield)
rNeg     . . .     Spirit   .   b - +0 robe
rPois    .         Reflect  .   (no helmet)
rElec    .         Harm     .   c - +2 cloak
rCorr    .         Rampage  .   (no gloves)
Will     .....                  (no boots)
Stlth    +++.......             (no amulet)
HPRegen  0.09/turn              (no ring)
MPRegen  0.08/turn              (no ring)

@: slow
A: +LOS, swims, slowness 1, strong legs 1
a: Hop


You were on level 2 of the Dungeon.
You visited 1 branch of the dungeon, and saw 2 of its levels.

You collected 68 gold pieces.

Inventory:

Hand Weapons
 a - a +3 dagger (weapon)
 g - a +1 dagger of holy wrath
 l - a +2 fustibalus of flaming
Missiles
 d - 8 poisoned darts (quivered)
 e - 2 curare-tipped darts
Armour
 b - a +0 robe (worn)
 c - a +2 cloak (worn)
Jewellery
 k - an uncursed amulet of guardian spirit {unknown}
Scrolls
 n - a scroll of fog {unknown}
Potions
 f - a potion of degeneration {unknown}
 h - a potion of haste {unknown}
 i - a potion of heal wounds {unknown}


   Skills:
 + Level 2.8 Fighting
 + Level 2.3 Short Blades
 + Level 2.0 Throwing
 + Level 1.2 Dodging
 + Level 4.3 Stealth


You had 2 spell levels left.
You didn't know any spells.
Your spell library was empty.

Dungeon Overview and Level Annotations

Branches:
Dungeon (2/15)

Altars:

Annotations:
D:2 Sigmund


Innate Abilities, Weirdness & Mutations

You can be seen from farther away. (+LOS)
You can swim through water.
You cover ground slowly.
You can hop short distances.


Message History

Okay, then.
As you read the scroll of enchant armour, it crumbles to dust.
Your +1 cloak glows green for a moment.
As you read the scroll labelled PAJOMESUPS, it crumbles to dust.
You assume a fearsome visage.
Nothing appears to happen.
It was a scroll of fear.
Sigmund flickers, as though insubstantial.
Sigmund gestures at you while chanting. You resist with significant effort.
Sigmund gestures at you while chanting. You resist with significant effort.
Sigmund gestures at you while chanting. The magic dart hits you!
* * * LOW HITPOINT WARNING * * *
Sigmund casts a spell at himself.
Sigmund flickers and vanishes!
Deactivating autopickup; reactivate with Ctrl-A.
A magic dart appears from out of thin air!
The magic dart hits you.
You die...

#######################
#......{.......@......#
#.###################†#
#.# #.# #.# #.# #.#
#########.##########
...
.......†....>.......
##.##
..........##########
#.# ##.####........#
@!. #...........


There were no monsters in sight!

Vanquished Creatures
  A dart slug (D:2)
  A giant cockroach (D:1)
  5 goblins
  2 hobgoblins
  4 bats (D:1)
  2 frilled lizards (D:1)
  3 kobolds
  6 rats
24 creatures vanquished.

Notes
Turn   | Place    | Note
-------+----------+-------------------------------------------
     0 | D:1      | jmlagarto the Barachi Brigand began the quest for the Orb.
     0 | D:1      | Reached XP level 1. HP: 17/17 MP: 1/1
   139 | D:1      | Reached XP level 2. HP: 23/23 MP: 2/2
   169 | D:1      | Reached skill level 4 in Stealth
   901 | D:2      | Reached XP level 3. HP: 18/28 MP: 3/3
  1081 | D:2      | Noticed Sigmund
  1101 | D:2      | Killed from afar by Sigmund

Illustrated notes

Levels and vault maps discovered:
D:1:      wander_arrival_chamber, layout_loops_ring, minivault_5,
          amethyst_killhole
D:2:      layout_basic, nzn_hepliaklqana_mist_gate, uniq_sigmund

Skill      XL: |  1  2 |
---------------+-------+-----
Stealth        | 4 |  4.3
Fighting       | |  2.8
Short Blades   | |  2.3
Throwing       | |  2.0
Dodging        | |  1.2

Action                   || total
-------------------------++-------
Melee: Dagger            ||    52
  Use: Scroll            ||     5
 Stab: Sleeping          ||     5
Armor: Robe              ||    24
Dodge: Dodged            ||    32

Table legend: (Time is in decaauts)
 A = Elapsed time spent in this place.
 B = Non-inter-level travel time spent in this place.
 C = Inter-level travel time spent in this place.
 D = Time resting spent in this place.
 E = Time spent auto-exploring this place.
 F = Levels seen in this place.
 G = Mean time per level.
                   A        B        C        D        E       F      G
               +--------+--------+--------+--------+--------+-----+--------+
         Total |   1249 |   1249 |      0 |      0 |    952 |   2 |  624.5 |
       Dungeon |   1249 |   1249 |      0 |      0 |    952 |   2 |  624.5 |
               +--------+--------+--------+--------+--------+-----+--------+

Top non-repeatable levels by time:
     D:1: 822 daAuts
     D:2: 427 daAuts
